 Dungeon Crawl Stone Soup version 0.18-a0-750-g37044d6 (webtiles) character file.

39 HandofTrog the Ruffian (level 3, 0/32 HPs)
             Began as a Troll Monk on Dec 12, 2015.
             Was a Believer of Okawaru.
             Slain by Robin
             ... wielding a cursed -3 mace
              (3 damage)
             ... on level 2 of the Dungeon.
             The game lasted 00:03:39 (836 turns).

HandofTrog the Ruffian (Troll Monk)                  Turns: 836, Time: 00:03:39

Health: 0/32       AC:  4    Str: 19    XL:     3   Next: 26%
Magic:  2/2        EV: 10    Int:  7    God:    Okawaru [**....]
Gold:   46         SH:  0    Dex: 12    Spells: 0 memorised, 2 levels left

rFire  . . .     SeeInvis .     l - -3 whip (curse)
rCold  . . .     Clarity  .     a - +0 robe
rNeg   . . .     SustAt   .     (no shield)
rPois  .         Gourm    +     (helmet restricted)
rElec  .         Spirit   .     (no cloak)
rCorr  .         Dismiss  .     (gloves unavailable)
rMut   .         Rnd*Tele +     (boots unavailable)
MR     .....                    (no amulet)
Stlth  +.........               (no ring)
                                e - ring of teleportation (curse)

@: not resistant to hostile enchantments, very unstealthy
A: unfitting armour, claws 3, horns 1, deformed body, fast metabolism 3, frail
1, gourmand, regeneration 2, shaggy fur 1, tough skin 2
a: Heroism, Renounce Religion, Evoke Teleportation


You were on level 2 of the Dungeon.
You worshipped Okawaru.
Okawaru was pleased with you.
You were hungry.

You visited 1 branch of the dungeon, and saw 2 of its levels.

You collected 46 gold pieces.

Inventory:

Hand Weapons
 l - a cursed -3 whip (weapon)
Missiles
 h - 11 arrows of dispersal
 i - 5 tomahawks (quivered)
Armour
 a - a +0 robe (worn)
Jewellery
 e - a cursed ring of teleportation (left claw)
Scrolls
 d - a scroll of fear {unknown}
 g - 2 scrolls of noise
 j - a scroll of teleportation
Potions
 k - a potion of flight
Comestibles
 b - 2 bread rations


   Skills:
 + Level 2.5 Fighting
 + Level 2.7 Dodging
 + Level 1.3 Stealth
 * Level 4.5 Unarmed Combat


You had 2 spell levels left.
You didn't know any spells.

Dungeon Overview and Level Annotations

Branches:
Dungeon (2/15)

Altars:
Okawaru

Annotations:
D:2 Robin


Innate Abilities, Weirdness & Mutations

You are too large for most types of armour.
You have claws for hands.
Your metabolism is lightning-fast.
You like to eat raw meat.
You heal very quickly.
You are covered in fur (AC +1).
You have very tough skin (AC +2).
You have a pair of small horns on your head.
Armour fits poorly on your strangely shaped body.
You are frail (-10% HP).


Message History

The goblin hits you but does no damage.
You hit Robin.
Robin is heavily wounded.
Robin roars a battlecry!
The goblins go into a battle-frenzy!
Robin closely misses you. The goblin hits you but does no damage.
Drink which item? (? for menu, Esc to quit)
You feel extremely strange.
You feel frail.
Your body twists and deforms.
A pair of horns grows on your head! The goblin barely misses you.
You hit Robin. Your headbutt misses Robin.
Robin is heavily wounded.
Robin hits you with an enchanted mace.
* * * LOW HITPOINT WARNING * * *
The goblin barely misses you.
You barely miss Robin.
Robin is heavily wounded.
The goblin hits you but does no damage. Robin hits you with an enchanted mace.
You die...

#.... ........ ....$
........ ....
.......
###.####..... ##
##.....##...#
#..#(......#...
#..#.......#g#####.#
..g...._....rg@gg..#
##.#.......#g#######
#.......#.#
##.....##.####
#..####.####....#
#..............#
###.##.#.......#
#............#
##.##>.......#


You could see Robin, a quokka, a hobgoblin (frenzied) and 3 goblins.

Vanquished Creatures
  A gnoll (D:1)
  A ball python (D:1)
  3 bats (D:1)
  6 hobgoblins
  A giant newt (D:1)
  7 goblins
  6 kobolds
  2 rats (D:1)
27 creatures vanquished.

Notes
Turn   | Place    | Note
--------------------------------------------------------------
     0 | D:1      | HandofTrog the Troll Monk began the quest for the Orb.
     0 | D:1      | Reached XP level 1. HP: 22/22 MP: 0/0
   121 | D:1      | Reached XP level 2. HP: 29/29 MP: 1/1
   515 | D:1      | Reached XP level 3. HP: 27/36 MP: 2/2
   763 | D:2      | Found an iron altar of Okawaru.
   765 | D:2      | Noticed Robin
   771 | D:2      | Became a worshipper of Warmaster Okawaru
   771 | D:2      | Reached * piety under Okawaru
   771 | D:2      | Reached ** piety under Okawaru
   834 | D:2      | Gained mutation: You are frail (-10% HP). [potion of mutation]
   834 | D:2      | Gained mutation: Armour fits poorly on your strangely shaped body. [potion of mutation]
   834 | D:2      | Gained mutation: You have a pair of small horns on your head. [potion of mutation]
   836 | D:2      | Slain by Robin

Vault maps used:
D:1:      onia_arrival_mini_spirals, serial_forest, infiniplex_forest_end_2,
          infiniplex_forest_end_double, infiniplex_forest_straight_4,
          infiniplex_forest_end_1, infiniplex_forest_diagonal,
          infiniplex_forest_end_2, wad_floor_pattern_untrapped
D:2:      old_standard_altar, gammafunk_temple_overflow_forgotten, uniq_robin

Action                   || total
-------------------------++-------
Melee: Unarmed           ||    55
       Whip              ||    54
  Use: Scroll            ||     5
       Potion            ||     2
 Stab: Sleeping          ||     1
  Eat: Chunk             ||     4
